Map: Romanticide LE

Players

Darkness

  • Race: Protoss Protoss
  • League: Master
  • Spawn Location: 11:00

JimRising - Winner!

  • Race: Zerg Zerg
  • League: Master
  • Spawn Location: 5:00

Event: DreamHack SC2 Masters 2020 Winter

VOD

Have the link to the VOD?

Description

Time

  • Played on: Oct. 14, 2020, 7:52 p.m.
  • Length: 16:40

All games in this series

Show
View Real Time Build Order
Export as new Build Order

Darkness Protoss 

Build Orders: 1 Gate Expand, Oracle Opening, Phoenix Opening, Carriers 

Get SALT Encoding   

  12  0:00  Probe  
  13  0:12  Probe  
  14  0:19  Pylon  
  14  0:24  Probe (Chrono Boost)  
  15  0:37  Probe (Chrono Boost)  
  15  0:38  Gateway  
  16  0:46  Assimilator, Probe (Chrono Boost)  
  17  0:51  Probe  
  18  1:03  Probe  
  19  1:15  Probe  
  20  1:23  Nexus  
  20  1:35  Cybernetics Core  
  20  1:40  Probe  
  20  1:44  Assimilator  
  21  1:52  Probe  
  21  1:53  Pylon  
  22  2:04  Probe  
  23  2:13  Stargate, Probe  
  23  2:14  Adept (Chrono Boost)  
  23  2:21  Probe  
  26  2:28  Warp Gate  
  27  2:36  Probe (Chrono Boost)  
  28  2:37  Adept  
  28  2:38  Probe (Chrono Boost)  
  31  2:47  Probe (Chrono Boost)  
  31  2:49  Probe (Chrono Boost)  
  33  2:52  Probe (Chrono Boost)  
  33  2:57  Probe, Oracle (Chrono Boost)  
  35  3:04  Probe  
  38  3:09  Probe  
  38  3:12  Gateway  
  39  3:16  Probe  
  40  3:20  Pylon  
  40  3:21  Probe  
  40  3:25  Phoenix (Chrono Boost)  
  41  3:28  Probe  
  41  3:33  Probe  
  45  3:40  Assimilator, Probe  
  46  3:46  Probe  
  46  3:47  Oracle (Chrono Boost)  
  50  3:53  Probe  
  51  3:58  Probe  
  52  4:05  Probe  
  52  4:08  Assimilator  
  53  4:10  Pylon, Probe  
  54  4:24  Nexus  
  54  4:26  Pylon  
  54  4:28  Probe x2  
  56  4:34  Forge, Twilight Council  
  56  4:37  Adept  
  56  4:38  Adept  
  59  4:40  Probe x2  
  59  4:43  Pylon  
  61  4:52  Probe x2  
  62  4:59  Protoss Ground Weapons Level 1  
  62  5:02  Nexus  
  62  5:03  Sentry x2  
  62  5:04  Shield Battery, Probe x2  
  62  5:05  Blink (Chrono Boost)  
  68  5:16  Probe  
  68  5:18  Gateway  
  68  5:20  Robotics Facility  
  69  5:23  Pylon  
  69  5:26  Probe  
  70  5:28  Probe  
  71  5:38  Probe  
  71  5:41  Probe  
  71  5:42  Gateway  
  73  5:44  Gateway  
  73  5:50  Probe  
  73  5:53  Probe  
  75  6:02  Probe  
  76  6:05  Probe  
  76  6:06  Assimilator  
  76  6:07  Observer  
  76  6:10  Robotics Bay  
  78  6:12  Assimilator, Robotics Facility  
  78  6:13  Stalker x2  
  78  6:14  Probe, Sentry  
  78  6:17  Probe  
  86  6:19  Probe  
  86  6:24  Pylon  
  87  6:26  Probe  
  87  6:28  Pylon  
  87  6:29  Probe  
  87  6:31  Probe  
  90  6:37  Stalker x3  
  90  6:38  Probe  
  90  6:39  Sentry  
  97  6:41  Probe  
  97  6:44  Probe  
  99  6:50  Observer (Chrono Boost), Probe  
  99  6:53  Probe  
  102  6:56  Probe  
  102  6:57  Extended Thermal Lance  
  102  6:59  Colossus (Chrono Boost), Pylon  
  109  7:02  Probe  
  110  7:10  Probe  
  110  7:12  Colossus (Chrono Boost)  
  110  7:14  Pylon  
  117  7:15  Pylon  
  117  7:18  Pylon  
  117  7:24  Protoss Ground Weapons Level 2, Probe x3  
  120  7:35  Charge  
  120  7:36  Probe  
  120  7:37  Gateway  
  121  7:39  Colossus (Chrono Boost), Gateway  
  121  7:41  Probe  
  128  7:46  Probe  
  128  7:50  Stalker x4  
  137  7:59  Nexus  
  137  8:02  Pylon  
  137  8:06  Pylon  
  137  8:08  Immortal (Chrono Boost)  
  137  8:12  Templar Archives  
  141  8:13  Gateway  
  141  8:35  Photon Cannon  
  141  8:36  Disruptor (Chrono Boost)  
  141  8:37  Photon Cannon  
  141  8:39  Photon Cannon  
  144  8:41  Photon Cannon  
  144  8:46  Disruptor (Chrono Boost), Shield Battery  
  147  8:50  Stalker x3  
  147  8:51  Zealot x4  
  160  9:05  Observer (Chrono Boost)  
  161  9:11  Stalker x4  
  161  9:12  Stalker, Warp Prism (Chrono Boost)  
  169  9:26  Zealot  
  169  9:27  Zealot x2, Probe x2  
  169  9:28  Unknown, Probe  
  178  9:42  Pylon x2  
  178  9:44  Psionic Storm  
  178  9:57  Gateway, Pylon  
  178  9:59  Gateway, Disruptor x2  
  184  10:12  Dark Shrine  
  174  10:35  Disruptor x2  
  173  10:49  Zealot x5  
  179  10:50  Protoss Ground Weapons Level 3 (Chrono Boost), Zealot x3  
  179  10:53  Nexus  
  179  10:54  Pylon  
  183  11:02  Fleet Beacon, Stargate  
  183  11:04  Stargate  
  183  11:05  High Templar x2  
  183  11:07  Stargate  
  183  11:08  Warp Prism (Chrono Boost)  
  190  11:19  Observer (Chrono Boost)  
  185  11:27  Shadow Stride  
  185  11:30  Zealot x2  
  185  11:31  Zealot x6  
  191  11:33  Observer  
  191  11:37  Observer  
  189  11:50  Oracle  
  189  11:54  Zealot x2  
  193  11:57  Archon  
  176  12:12  Zealot x8  
  176  12:13  Warp Prism  
  187  12:15  High Templar x2  
  187  12:18  Observer  
  180  12:23  Photon Cannon  
  180  12:25  Photon Cannon  
  180  12:27  Carrier x2 (Chrono Boost)  
  180  12:28  Assimilator x2  
  192  12:37  Nexus  
  192  12:39  Observer, Pylon, Carrier (Chrono Boost)  
  194  12:50  Pylon  
  192  12:54  High Templar, Photon Cannon  
  192  12:57  Shield Battery  
  190  13:00  Photon Cannon  
  190  13:03  Pylon  
  180  13:19  Zealot x7  
  192  13:20  Zealot x2  
  192  13:24  Oracle (Chrono Boost)  
  177  13:37  Zealot  
  177  13:39  Carrier x2 (Chrono Boost)  
  190  13:48  Dark Templar x3  
  190  13:49  Dark Templar x2  
  190  13:50  Dark Templar x2  
  186  14:10  Zealot x3  
  186  14:13  Carrier (Chrono Boost)  
  140  14:24  Zealot x5  
  140  14:33  Carrier (Chrono Boost)  
  140  14:36  Probe x3  
  135  14:39  Zealot x3  
  137  14:47  Carrier (Chrono Boost)  
  137  14:50  Cybernetics Core  
  129  15:03  High Templar x4  
  129  15:04  Zealot x4  
  145  15:11  Carrier (Chrono Boost)  
  122  15:31  Dark Templar x4  
  122  15:35  Robotics Facility  
  130  15:51  Nexus  
  130  15:53  Oracle (Chrono Boost)  
  130  15:55  Pylon  
  133  16:01  Void Ray x2 (Chrono Boost)  
  141  16:16  Forge  
  141  16:18  High Templar x2  
  141  16:19  Zealot x3  
  141  16:22  Archon  
  151  16:29  Zealot x3  
Show
View Real Time Build Order
Export as new Build Order

JimRising Zerg - Winner!

Build Orders: Hatch First, Lurkers, Roach Hydra 

Get SALT Encoding   

  12  0:00  Drone  
  13  0:12  Overlord  
  13  0:17  Drone  
  14  0:32  Drone x2  
  16  0:49  Hatchery  
  15  0:54  Drone  
  15  0:55  Drone  
  17  0:59  Drone  
  17  1:02  Extractor  
  17  1:14  Spawning Pool  
  16  1:18  Drone  
  16  1:21  Drone  
  18  1:28  Drone  
  20  1:40  Drone  
  20  1:49  Overlord  
  20  2:00  Drone  
  20  2:01  Queen x2  
  21  2:07  Metabolic Boost  
  25  2:11  Zergling x2  
  25  2:13  Zergling x2  
  27  2:17  Drone  
  27  2:21  Drone  
  29  2:23  Drone  
  30  2:33  Drone x2  
  32  2:42  Hatchery  
  31  2:47  Drone x2  
  33  2:54  Overlord  
  33  3:01  Drone  
  33  3:05  Drone  
  35  3:10  Drone  
  35  3:11  Overlord  
  36  3:13  Drone x5  
  36  3:19  Spore Crawler  
  40  3:20  Drone  
  40  3:22  Drone  
  40  3:25  Spore Crawler  
  41  3:31  Overlord  
  41  3:35  Zergling x2  
  42  3:42  Zergling x6  
  42  3:43  Zergling x6  
  42  3:45  Queen  
  50  3:51  Queen  
  52  3:58  Drone x4  
  52  4:02  Overlord  
  56  4:05  Drone  
  56  4:09  Overlord  
  57  4:10  Overlord  
  57  4:15  Drone x4  
  60  4:18  Drone x2  
  60  4:20  Drone  
  61  4:25  Drone x2  
  61  4:32  Drone x2  
  61  4:33  Drone  
  61  4:36  Lair  
  61  4:37  Drone  
  61  4:38  Extractor  
  63  4:39  Extractor  
  63  4:40  Drone  
  63  4:41  Extractor  
  63  4:44  Spore Crawler  
  63  4:45  Queen  
  61  4:47  Queen  
  61  4:51  Drone x4  
  68  4:54  Zergling x4  
  69  5:05  Drone x3  
  69  5:06  Evolution Chamber  
  71  5:08  Drone x2  
  71  5:09  Drone x3  
  76  5:16  Drone x3, Roach Warren  
  76  5:17  Drone  
  80  5:28  Drone  
  80  5:29  Overlord x4  
  80  5:32  Zerg Missile Weapons Level 1  
  80  5:37  Drone  
  80  5:38  Overseer  
  80  5:39  Hydralisk Den, Zergling x8  
  84  5:47  Zergling x4  
  84  5:48  Extractor x2, Overlord  
  84  6:03  Drone x4  
  84  6:04  Drone x2  
  90  6:05  Glial Reconstitution  
  90  6:08  Muscular Augments, Hydralisk x4  
  90  6:11  Hatchery, Overlord  
  97  6:20  Overlord  
  97  6:22  Hydralisk x3  
  97  6:23  Hydralisk  
  105  6:30  Roach x4  
  113  6:34  Overlord  
  113  6:38  Roach x3  
  116  6:49  Drone x2, Lurker Den  
  116  6:53  Queen  
  119  6:57  Hydralisk x3  
  119  6:58  Hydralisk x2  
  119  7:01  Extractor, Roach, Ravager x2  
  131  7:03  Extractor  
  131  7:09  Hydralisk  
  131  7:10  Hydralisk x3  
  131  7:14  Drone x3  
  142  7:20  Drone x2, Grooved Spines  
  142  7:21  Drone, Infestation Pit, Overlord  
  142  7:22  Drone  
  145  7:26  Zerg Missile Weapons Level 2  
  145  7:37  Hydralisk x2  
  145  7:42  Drone x6  
  145  7:43  Drone  
  156  7:44  Overlord x2  
  156  7:49  Lurker x2  
  158  7:54  Overlord x2  
  158  8:00  Drone x2  
  158  8:02  Spore Crawler  
  158  8:04  Lurker x3  
  158  8:05  Lurker  
  161  8:06  Overlord  
  161  8:10  Drone x2  
  161  8:11  Drone  
  164  8:14  Hydralisk x3  
  164  8:15  Hydralisk  
  164  8:16  Overseer  
  164  8:18  Overseer  
  172  8:25  Hydralisk x3  
  177  8:29  Hatchery  
  173  8:41  Hydralisk x4  
  173  8:43  Roach x6  
  173  8:44  Roach  
  173  8:46  Roach  
  173  8:47  Roach, Zergling x2  
  198  8:49  Extractor  
  198  8:50  Roach  
  198  8:53  Extractor  
  191  8:58  Roach x4  
  199  9:04  Drone  
  200  9:15  Hydralisk x2  
  194  9:17  Roach x2  
  183  9:27  Hive  
  183  9:30  Drone x3  
  183  9:31  Drone x2  
  188  9:35  Hydralisk x2  
  188  9:36  Zergling x2  
  188  9:37  Zergling x22  
  195  9:40  Lurker x6  
  195  9:41  Lurker  
  195  9:44  Drone x2  
  196  9:45  Spine Crawler  
  196  9:46  Spine Crawler  
  196  9:47  Spine Crawler x2  
  192  9:57  Lurker x3  
  195  10:00  Hydralisk  
  195  10:02  Lurker  
  198  10:07  Spore Crawler  
  198  10:08  Spore Crawler  
  198  10:10  Hydralisk x2  
  198  10:11  Spore Crawler  
  198  10:13  Overlord  
  197  10:28  Hydralisk  
  181  10:49  Viper x4  
  168  10:51  Adaptive Talons  
  168  10:55  Drone x2  
  168  10:56  Drone x3  
  182  11:03  Drone x2  
  184  11:05  Drone, Spore Crawler x2  
  184  11:06  Spine Crawler  
  184  11:09  Lurker, Overlord x2, Hydralisk x3  
  184  11:10  Zerg Missile Weapons Level 3  
  189  11:14  Spore Crawler  
  188  11:19  Hydralisk x2  
  188  11:22  Hydralisk x2  
  183  11:34  Spine Crawler x2  
  183  11:36  Spine Crawler  
  183  11:39  Hydralisk x2  
  184  11:43  Hydralisk x2  
  184  11:45  Hydralisk  
  184  11:46  Hydralisk x5  
  199  11:48  Seismic Spines  
  199  11:51  Hydralisk  
  200  12:00  Hydralisk  
  200  12:01  Hydralisk  
  189  12:13  Drone x6, Queen  
  189  12:15  Viper x2  
  197  12:23  Drone x2  
  197  12:24  Drone  
  197  12:26  Spine Crawler  
  199  12:30  Spire  
  198  12:40  Drone x2, Spine Crawler  
  198  12:42  Spine Crawler  
  198  12:45  Spine Crawler  
  198  12:50  Lurker x3  
  200  12:57  Drone x3  
  199  13:04  Hydralisk  
  199  13:33  Hydralisk  
  189  13:37  Hydralisk x3  
  189  13:38  Hydralisk x2  
  199  13:42  Zerg Flyer Weapons Level 1  
  196  14:05  Hydralisk x4  
  196  14:06  Hydralisk x4  
  200  14:13  Hydralisk  
  200  14:15  Hydralisk  
  200  14:16  Hydralisk  
  199  14:24  Hydralisk x7  
  197  14:36  Hydralisk  
  197  14:37  Hydralisk x13  
  198  14:42  Hydralisk x2  
  192  14:46  Hydralisk x2  
  192  14:47  Hydralisk x2  
  192  14:48  Overlord  
  192  14:49  Overlord x2  
  185  15:00  Hydralisk  
  185  15:01  Hydralisk x3  
  185  15:03  Overlord x3  
  185  15:04  Overlord  
  185  15:06  Unknown, Hatchery  
  185  15:07  Spire  
  178  15:20  Corruptor  
  160  15:21  Corruptor x14  
  160  15:25  Lurker x3  
  160  15:26  Lurker x3  
  182  15:33  Drone x2  
  182  15:34  Drone, Spine Crawler  
  182  15:35  Corruptor, Hydralisk  
  184  15:36  Spine Crawler, Hydralisk  
  184  15:37  Lurker x2  
  189  15:49  Overseer  
  189  15:50  Overseer x2  
  189  15:59  Hydralisk  
  189  16:00  Hydralisk x4  
  196  16:20  Spore Crawler, Hatchery  
  196  16:22  Spine Crawler  
Tags
 
Add a new tag
Caveats
  • Supply blocks, unpowered buildings, or Contaminate may cause inaccurate times.
  • Supply counts are checked every 10 seconds.